 Dungeon Crawl Stone Soup version 0.18.1-48-g4cf74bf (webtiles) character file.

212 mindo the Magician (level 5, -5/28 HPs)
             Began as a Deep Elf Wizard on July 2, 2016.
             Slain by a giant frog (7 damage)
             ... in a sewer.
             The game lasted 00:25:40 (3379 turns).

mindo the Magician (Deep Elf Wizard)                Turns: 3379, Time: 00:25:41

Health: -5/28      AC:  5    Str:  4    XL:     5   Next: 58%
Magic:  1/15       EV: 12    Int: 24    God:
Gold:   55         SH:  0    Dex: 13    Spells: 3 memorised, 11 levels left

rFire  . . .     SeeInvis .     j - +3 flail
rCold  . . .     Gourm    .     a - +0 robe
rNeg   . . .     Faith    .     (no shield)
rPois  .         Spirit   .     b - +0 hat
rElec  .         Dismiss  .     h - +2 cloak
rCorr  .         Reflect  .     (no gloves)
SustAt .         Harm     .     (no boots)
MR     .....                    (no amulet)
Stlth  +++.......               (no ring)
                                (no ring)

@: very slightly contaminated, not resistant to hostile enchantments, fairly
stealthy
A: no striking features
a: no special abilities


You were in a sewer.
You were not hungry.

You visited 1 branch of the dungeon, and saw 3 of its levels.
You also visited: Sewer.

You collected 55 gold pieces.

Inventory:

Hand Weapons
 g - a +1 whip
 j - a +3 flail (weapon)
Armour
 a - a +0 robe (worn)
 b - a +0 hat (worn)
 h - a +2 cloak (worn)
Jewellery
 i - an uncursed ring of poison resistance {unknown}
Scrolls
 d - a scroll of teleportation {unknown}
 e - 2 scrolls of noise {unknown}
Potions
 k - a potion of curing {unknown}
Books
 c - a book of Minor Magic

   Spells                             Type                      Level
   a - Magic Dart                     Conjuration                  1
   b - Blink                          Translocation                2
   c - Call Imp                       Summoning                    2
   d - Repel Missiles                 Charms/Air                   2
   e - Slow                           Hexes                        2
   f - Conjure Flame                  Conjuration/Fire             3
   g - Mephitic Cloud                 Conjuration/Poison/Air       3


   Skills:
 - Level 2.4 Dodging
 * Level 5.0 Stealth
 * Level 6.1 Spellcasting
 + Level 3.4 Conjurations
 - Level 1.1 Summonings
 - Level 1.1 Translocations


You had 11 spell levels left.
You knew the following spells:

 Your Spells              Type           Power        Failure   Level  Hunger
a - Magic Dart            Conj           ###.         1%          1    None
b - Blink                 Tloc           N/A          10%         2    None
c - Call Imp              Summ           ##......     10%         2    None


Dungeon Overview and Level Annotations

Branches:
Dungeon (3/15)

Altars:
Okawaru
Trog


Message History

Your crimson imp barely misses the giant frog.
The giant gecko barely misses your crimson imp.
The giant newt bites you. The giant frog hits you!
* * * LOW HITPOINT WARNING * * *
Casting: Call Imp
Confirm with . or Enter, or press ? or * to list all spells.
You blink.
Splash!
You fall into the shallow water.
Moving in this stuff is going to be slow.
The giant gecko bites your crimson imp but does no damage.
Your crimson imp blinks!
Casting: Blink
Confirm with . or Enter, or press ? or * to list all spells.
You don't have enough magic to cast that spell.
The giant frog hits you but does no damage.
The giant newt completely misses you.
You see here a giant gecko corpse.
The giant frog hits you!
You die...

#######.###≈≈≈≈≈##††≈#≈≈#
#≈≈≈.≈###†≈≈≈≈≈≈≈##≈.#≈≈≈
#≈≈≈≈≈#.≈†...≈.≈.≈#≈≈##≈.
#.≈≈≈.#.†##≈..[.≈≈##≈≈#†≈
#≈≈#≈.#.l# l.$.... #≈≈#≈≈
#.≈#≈≈#≈≈# ≈.≈!?.≈ #≈≈#≈≈
#≈.#≈##l≈# ≈≈..:≈≈ #.≈#≈.
#≈≈#≈#≈.F# .≈≈≈..≈ #.≈#.≈
#..#≈#∩≈@# ≈≈.≈.≈≈ #†.#≈.
#≈.#≈#≈≈.##≈≈≈≈.≈≈##≈≈#≈≈
#≈≈#≈###.≈# #≈.##≈≈
#.≈#≈≈≈#.≈## ##≈≈#≈..
##†##≈≈#≈≈†## ##≈≈≈#≈.#
#.≈#≈≈##≈≈≈#####≈≈.##≈.#
#∩.#≈≈≈#≈†≈≈†≈.≈.≈≈#≈≈≈#
#..##†≈##≈≈≈≈≈≈.≈≈##≈.##
##.≈#.≈≈##≈≈..≈≈.##≈≈≈#


You could see a giant frog, a giant gecko and a giant newt.

Vanquished Creatures
  3 adders
  7 oozes (Sewer)
  A worm (D:2)
  3 dart slugs (D:1)
  15 giant geckos
  An orc (D:3)
  9 giant cockroaches
  3 goblins
  3 hobgoblins (D:2)
  5 kobolds
  A quokka (D:2)
  9 ball pythons (Sewer)
  2 bats (D:1)
  8 giant newts
  5 rats
75 creatures vanquished.

Vanquished Creatures (collateral kills)
  5 adders
  2 oozes
  4 worms
  A dart slug (D:3)
  A giant gecko (Sewer)
  4 bats (D:2)
  2 giant cockroaches
  A goblin (D:2)
  A hobgoblin (D:2)
  A quokka (D:3)
  2 ball pythons (Sewer)
  5 giant newts (Sewer)
  A kobold (D:2)
  4 rats
34 creatures vanquished.

Grand Total: 109 creatures vanquished

Notes
Turn   | Place    | Note
--------------------------------------------------------------
     0 | D:1      | mindo the Deep Elf Wizard began the quest for the Orb.
     0 | D:1      | Reached XP level 1. HP: 10/10 MP: 7/7
   214 | D:1      | Reached XP level 2. HP: 15/15 MP: 6/9
   631 | D:1      | Learned a level 2 spell: Blink
   634 | D:1      | Learned a level 2 spell: Call Imp
   837 | D:2      | Reached XP level 3. HP: 19/19 MP: 6/11
   892 | D:2      | Reached skill level 5 in Spellcasting
  1812 | D:2      | Noticed a moth of wrath
  1814 | D:2      | Found a bloodstained altar of Trog.
  1897 | D:2      | Reached XP level 4. HP: 24/24 MP: 2/13
  2054 | D:3      | Found an iron altar of Okawaru.
  2321 | D:3      | Found a glowing drain.
  2421 | Sewer    | Entered a sewer
  2928 | Sewer    | Reached XP level 5. HP: 28/28 MP: 11/15
  3218 | Sewer    | Reached skill level 6 in Spellcasting
  3331 | Sewer    | Reached skill level 5 in Stealth
  3379 | Sewer    | Slain by a giant frog

Skill      XL: |  1  2  3  4  5 |
---------------+----------------+-----
Stealth        | 3 4 5 |  5.0
Conjurations   | 2 3 |  3.4
Spellcasting   | 5 6 |  6.1
Dodging        | |  2.4
Summonings     | |  1.1
Translocations | |  1.1

Action                   |  1- 3 |  4- 6 || total
-------------------------+-------+-------++-------
Melee: Whip              |     1 |     5 ||     6
       Flail             |       |    30 ||    30
 Cast: Magic Dart        |    67 |    86 ||   153
       Call Imp          |    20 |    29 ||    49
       Blink             |       |     1 ||     1
  Use: Scroll            |     3 |       ||     3
  Eat: Bread ration      |     1 |       ||     1
       Meat ration       |       |     1 ||     1
Armor: Robe              |    16 |    38 ||    54
Dodge: Dodged            |    34 |    54 ||    88
